 Dungeon Crawl Stone Soup version 0.28-a0-2-g643f2454ad (webtiles) character file.

Game seed: 10647493123753113117

3367 DocSulfur the Transmogrifier (level 9, -6/68 HPs)
             Began as a Pale Draconian Transmuter on July 21, 2021.
             Mangled by Joseph (13 damage)
             ... on level 7 of the Dungeon.
             The game lasted 00:26:21 (8826 turns).

DocSulfur the Transmogrifier (DrTm)                 Turns: 8826, Time: 00:26:22

Health: -6/68      AC:  2    Str: 12    XL:     9   Next: 73%
Magic:  0/24       EV: 20    Int: 16    God:
Gold:   198        SH:  0    Dex: 16    Spells: 10/16 levels left

rFire   . . .      SeeInvis .     - Unarmed
rCold   . . .      Faith    .   (shield currently unavailable)
rNeg    . . .      Spirit   +   (armour unavailable)
rPois   x          Reflect  .   (helmet currently unavailable)
rElec   .          Harm     .   (cloak currently unavailable)
rCorr   .          Rampage  .   (gloves currently unavailable)
Will    .....                   (boots currently unavailable)
Stlth   ++........              r - amulet of guardian spirit
HPRegen 0.21/turn               w - ring of magical power
MPRegen 0.19/turn               (no ring)

@: spider-form
A: venomous fangs, (breathe steam), AC +7, tiny, unfitting armour,
(cold-blooded), (steam resistance), clumsy 1, (fire resistance 1), (poison
resistance)
a: End Transformation


You were on level 7 of the Dungeon.
You were a venomous arachnid creature.
You visited 2 branches of the dungeon, and saw 8 of its levels.

You collected 198 gold pieces.

Inventory:

Hand Weapons
 g - a +4 trident (melded)
Missiles
 i - 16 poisoned darts
 u - 14 boomerangs of dispersal
Armour
 j - a +0 buckler
 s - a +0 cloak (melded)
Jewellery
 r - an amulet of guardian spirit (around neck)
 w - a ring of magical power (left front leg)
Scrolls
 e - a scroll of fear {unknown}
 k - a scroll of enchant armour
 l - a scroll of immolation
 n - a scroll of blinking
 o - a scroll of amnesia
 q - a scroll of identify
 t - a scroll of teleportation
 v - a scroll of acquirement {unknown}
Potions
 a - 3 potions of curing
 b - a potion of berserk rage
 c - 2 potions of invisibility
 d - a potion of resistance
 f - a potion of heal wounds {unknown}
 h - a potion of degeneration {unknown}
 m - a potion of ambrosia {unknown}
 p - a potion of might {unknown}


   Skills:
 - Level 2.9 Fighting
 - Level 4.1 Polearms
 - Level 3.2 Dodging
 - Level 1.7 Stealth
 - Level 3.0 Unarmed Combat
 - Level 4.0 Spellcasting
 * Level 10.2 Transmutations
 - Level 4.0 Ice Magic
 - Level 4.0 Poison Magic


You had 10 spell levels left.
You knew the following spells:

 Your Spells              Type           Power      Damage    Failure   Level
a - Beastly Appendage     Tmut           72%        N/A       2%          1
b - Spider Form           Tmut/Pois      13%        N/A       10%         3
c - Wereblood             Tmut           36%        N/A       3%          2

Your spell library contained the following spells:

 Spells                   Type           Power      Damage    Failure   Level
 Ice Form                 Ice/Tmut       26%        N/A       22%         4
 Magic Dart               Conj           12%        1d3       36%         1
 Call Imp                 Summ           3%         N/A       47%         2
 Mephitic Cloud           Conj/Pois/Air  7%         N/A       52%         3


Dungeon Overview and Level Annotations

Branches:
Dungeon (7/15)             Temple (1/1) D:4

Altars:
Ashenzari
Cheibriados
Dithmenos
Elyvilon
Fedhas
Hepliaklqana
Kikubaaqudgha
Nemelex Xobeh
Okawaru
Ru
Sif Muna
Trog
Uskayaw
Vehumet
Wu Jian
Xom
Yredelemnul
Zin
The Shining One

Shops:
D:1 (   D:6 *

Annotations:
D:3 1 transporter
D:6 1 runed translucent door, Rider's ghost, novice FoFi
D:7 Joseph


Innate Abilities, Weirdness & Mutations

You are a venomous arachnid creature.
You have poisonous fangs.
You are tiny and dextrous.
Your spellcasting is less reliable in this form.
Your armour is entirely melded.
You are incapable of wielding weapons or throwing items.
((You can breathe blasts of scalding, opaque steam.))
((Your pale cyan-grey scales are hard. (AC +7)))
You cannot fit into any form of body armour.
((You are cold-blooded and may be slowed by cold attacks.))
((You are immune to the effects of steam.))
You are clumsy. (Dex -2)
((Your flesh is heat resistant. (rF+)))
((Your system is resistant to poisons. (rPois)))


Message History

Joseph drinks a potion.
Joseph suddenly seems more resistant.
Joseph unwields a +0 hunting sling.
Joseph wields a +0 quarterstaff.
Joseph barely misses you.
You hit Joseph.
Joseph is poisoned.
Joseph is heavily wounded.
You completely miss Joseph.
Joseph is heavily wounded.
Joseph completely misses you.
You barely miss Joseph.
Joseph is heavily wounded.
Joseph misses you.
You hit Joseph.
Joseph is heavily wounded.
Joseph hits you with a +0 quarterstaff!
You hit Joseph.
Joseph is heavily wounded.
Joseph hits you with a +0 quarterstaff.
You hit Joseph but do no damage.
Joseph is heavily wounded.
Joseph misses you.
You hit Joseph.
Joseph is heavily wounded.
Joseph hits you with a +0 quarterstaff!
You hit Joseph but do no damage.
Joseph is heavily wounded.
You have got your breath back.
Joseph hits you with a +0 quarterstaff!
You hit Joseph.
Joseph is severely wounded.
Joseph zaps a wand.
The bolt of acid hits you!
* * * LOW HITPOINT WARNING * * *
You are splashed with acid!
* * * LOW HITPOINT WARNING * * *
You hit Joseph.
Joseph is severely wounded.
Joseph misses you.
You hit Joseph but do no damage.
Joseph is severely wounded.
Joseph hits you with a +0 quarterstaff!
You die...

.##..........###..........
...........# #..........
............ #.....##..
........#####.....##. ....
#..##...... ...
#........... #..#.##....#
#@#### ##... #.s.## ...
#....# ## #........#
###.....## #######


You could see Joseph (resistant, poisoned).

Vanquished Creatures
  A two-headed ogre (D:5)
  Pikel (D:5)
  Prince Ribbit (D:5)
  A shadow (D:7)
  Eustachio (D:4)
  A water moccasin (D:4)
  2 ice beasts (D:5)
  A hornet zombie (D:7)
  3 ogres (D:4)
  A necrophage (D:7)
  A phantom (D:4)
  2 lemures (D:5)
  A centaur (D:5)
  A kobold brigand (D:6)
  Blork the orc (D:4)
  A water moccasin zombie (D:5)
  3 vampire bats (D:6)
  2 bullfrog zombies (D:6)
  Crazy Yiuf (D:5)
  A bullfrog skeleton (D:6)
  2 orc priests
  2 hounds
  A centaur skeleton (D:5)
  3 iguanas
  2 orc wizards (Temple)
  A killer bee zombie (D:6)
  A hound zombie (D:5)
  4 gnolls (D:4)
  A howler monkey skeleton (D:6)
  8 adders
  A shadow imp (D:7)
  A white imp (D:6)
  3 dart slugs
  6 orcs
  9 ball pythons
  4 bats (D:1)
  3 bat skeletons (D:6)
  4 bat zombies (D:6)
  3 endoplasms
  2 giant cockroaches
  4 goblins
  3 hobgoblins
  3 quokkas
  4 frilled lizards
  10 kobolds
  4 rats (D:1)
116 creatures vanquished.

Vanquished Creatures (others)
  3 fungi (D:3)
3 creatures vanquished.

Grand Total: 119 creatures vanquished

Notes
Turn   | Place    | Note
-------+----------+-------------------------------------------
     0 | D:1      | DocSulfur the Draconian Transmuter began the quest for the
                  | Orb.
     0 | D:1      | Reached XP level 1. HP: 16/16 MP: 3/3
   265 | D:1      | Found Judwam's Antique Weapon Shoppe.
   405 | D:1      | Reached XP level 2. HP: 23/23 MP: 5/5
  1328 | D:2      | Reached skill level 1 in Poison Magic
  1541 | D:2      | Reached XP level 3. HP: 23/28 MP: 4/6
  2513 | D:2      | Reached skill level 1 in Polearms
  2513 | D:2      | Reached XP level 4. HP: 31/35 MP: 5/7
  2806 | D:3      | Learned a level 3 spell: Spider Form
  2809 | D:3      | Learned a level 2 spell: Wereblood
  2881 | D:3      | Found a transporter.
  2886 | D:3      | Noticed a gnoll sergeant
  2887 | D:3      | Found a transporter.
  2887 | D:3      | Found a shadowy altar of Dithmenos.
  3161 | D:3      | Found a sparkling altar of Nemelex Xobeh.
  3562 | D:3      | Gained mutation: You are clumsy. (Dex -2) [potion of
                  | mutation]
  3562 | D:3      | Gained mutation: Your flesh is heat resistant. (rF+)
                  | [potion of mutation]
  3562 | D:3      | Gained mutation: Your system is resistant to poisons.
                  | (rPois) [potion of mutation]
  3570 | D:4      | Noticed Eustachio
  3759 | D:4      | Noticed an ogre
  3760 | D:4      | Noticed an ogre
  3845 | D:4      | Reached skill level 1 in Stealth
  4163 | D:4      | Found a staircase to the Ecumenical Temple.
  4174 | Temple   | Entered the Ecumenical Temple
  4295 | D:4      | Killed an ogre
  4296 | D:4      | Reached XP level 5. HP: 10/41 MP: 4/9
  4556 | D:4      | Killed an ogre
  4557 | D:4      | Reached XP level 6. HP: 25/48 MP: 7/10
  4592 | D:4      | Noticed Blork the orc
  4722 | D:4      | Reached skill level 3 in Transmutations
  5602 | D:4      | Killed Blork the orc
  5603 | D:4      | Your scales start taking on a pale cyan-grey colour.
  5603 | D:4      | Reached XP level 7. HP: 26/56 MP: 8/11
  5603 | D:4      | Gained mutation: You are immune to the effects of steam.
                  | [Pale Draconian growth]
  5822 | D:4      | Found a large runed translucent door.
  5825 | D:4      | Found a large runed translucent door.
  6025 | D:4      | Found an ornate altar of the Wu Jian Council.
  6039 | D:4      | Killed Eustachio
  6045 | D:4      | Found a bloodstained altar of Trog.
  6469 | D:5      | Entered Level 5 of the Dungeon
  6494 | D:5      | Noticed Prince Ribbit
  6523 | D:5      | Killed Prince Ribbit
  6524 | D:5      | Reached skill level 4 in Transmutations
  6524 | D:5      | Reached XP level 8. HP: 62/62 MP: 10/14
  6551 | D:5      | Reached skill level 5 in Transmutations
  6821 | D:5      | Noticed a two-headed ogre
  6849 | D:5      | Killed a two-headed ogre
  6850 | D:5      | Reached skill level 6 in Transmutations
  6850 | D:5      | Reached skill level 7 in Transmutations
  6850 | D:5      | Reached XP level 9. HP: 68/68 MP: 15/15
  7197 | D:5      | Noticed Pikel
  7215 | D:5      | Killed Pikel
  7216 | D:5      | Reached skill level 8 in Transmutations
  7243 | D:5      | Found a runed translucent door.
  7244 | D:5      | Noticed Crazy Yiuf
  7354 | D:5      | Killed Crazy Yiuf
  7461 | D:6      | Found an ancient bone altar of Kikubaaqudgha.
  7517 | D:6      | Found Geotumou's Lightly-Used Armoury.
  7521 | D:6      | Reached skill level 9 in Transmutations
  7570 | D:6      | Found a runed translucent door.
  7572 | D:6      | Noticed a troll
  7572 | D:6      | Noticed Rider's ghost (novice FoFi)
  8611 | D:7      | Reached skill level 10 in Transmutations
  8797 | D:7      | Noticed Joseph
  8826 | D:7      | Mangled by Joseph

Illustrated notes

Levels and vault maps discovered:
D:1:      erik_arrival_orb_chamber, layout_basic, serial_shops, shop
D:2:      layout_basic
D:3:      layout_basic, mainiacjoe_overflow_cross_hatched,
          gammafunk_temple_overflow_arena
D:4:      layout_rooms, jmf_multi_god_temple2, temple_green,
          nrook_mini_backslash, kennysheep_generic_room_2, uniq_blork_the_orc,
          uniq_eustachio
D:5:      layout_cave_pools, uniq_prince_ribbit1, uniq_crazy_yiuf_cottage,
          uniq_pikel
D:6:      layout_cave_pods, kennysheep_vampire_church,
          ebering_ghost_inner_flame, minmay_misc_feat_x, minmay_shop_damaged,
          minmay_unpleasant_kobolds
D:7:      layout_cave_pools, enter_bailey_5, uniq_joseph
Temple:   nicolae_temple_great_sept

Skill      XL: |  1  2  3  4  5  6  7  8  9 |
---------------+----------------------------+-----
Dodging        | 2 3 |  3.2
Poison Magic   | 1 2 4 |  4.0
Polearms       | 1 2 3 4 |  4.1
Stealth        | 1 |  1.7
Fighting       | 2 |  2.9
Spellcasting   | 3 4 |  4.0
Transmutations | 3 4 7 10 | 10.2
Ice Magic      | 3 4 |  4.0
Unarmed Combat | |  3.0

Action                   |  1- 3 |  4- 6 |  7- 9 || total
-------------------------+-------+-------+-------++-------
Melee: Unarmed           |    44 |    30 |    23 ||    97
       Kick              |    10 |     3 |    12 ||    25
       Headbutt          |     5 |     3 |     8 ||    16
       Tailslap          |     7 |       |     6 ||    13
       Trident           |    47 |    53 |    81 ||   181
       Punch             |       |       |     2 ||     2
 Cast: Beastly Appendage |    20 |     7 |    14 ||    41
       Spider Form       |       |     7 |     3 ||    10
       Wereblood         |       |       |     1 ||     1
 Abil: Breathe Steam     |       |       |    46 ||    46
  Use: Scroll            |       |     9 |     3 ||    12
       Potion            |       |     1 |       ||     1
 Stab: Sleeping          |     1 |       |       ||     1
Armor: Skin              |    32 |    18 |    35 ||    85
Dodge: Dodged            |    64 |    67 |    87 ||   218

Table legend: (Time is in decaauts)
 A = Elapsed time spent in this place.
 B = Non-inter-level travel time spent in this place.
 C = Inter-level travel time spent in this place.
 D = Time resting spent in this place.
 E = Time spent auto-exploring this place.
 F = Levels seen in this place.
 G = Mean time per level.
                   A        B        C        D        E       F      G
               +--------+--------+--------+--------+--------+-----+--------+
         Total |   8865 |   8549 |    316 |   1535 |   4684 |   8 | 1108.1 |
       Dungeon |   7718 |   7402 |    316 |    592 |   4684 |   7 | 1102.6 |
        Temple |   1146 |   1146 |      0 |    943 |      0 |   1 | 1146.0 |
               +--------+--------+--------+--------+--------+-----+--------+

Top non-repeatable levels by time:
     D:2: 1552 daAuts
     D:4: 1416 daAuts
     D:1: 1249 daAuts
  Temple: 1146 daAuts
     D:3: 1137 daAuts
     D:6: 1025 daAuts
     D:5: 941 daAuts
     D:7: 397 daAuts
